 Dungeon Crawl Stone Soup version 0.17.2-1-ge4368a0 (webtiles) character file.

64 Goblin1989 the Ducker (level 3, -4/28 HPs)
             Began as a Demonspawn Gladiator on July 28, 2016.
             Slain by a shadow imp (5 damage)
             ... summoned by Natasha
             ... on level 4 of the Dungeon.
             The game lasted 00:07:05 (968 turns).

Goblin1989 the Ducker (Demonspawn Gladiator)         Turns: 968, Time: 00:07:05

Health: -4/28      AC:  6    Str: 16    XL:     3   Next: 91%
Magic:  3/3        EV: 12    Int:  9    God:
Gold:   65         SH:  0    Dex: 13    Spells: 0 memorised, 2 levels left

rFire  . . .     SeeInvis .     a - +1 flail
rCold  . . .     Clarity  .     i - +0 ring mail
rNeg   . . .     SustAt   .     (no shield)
rPois  .         Gourm    .     c - +0 helmet
rElec  .         Spirit   .     (no cloak)
rCorr  .         Warding  .     (no gloves)
rMut   .         Stasis   .     (no boots)
MR     .....                    (no amulet)
Stlth  ..........               (no ring)
                                (no ring)

@: slowed, very slow, not resistant to hostile enchantments, extremely
unstealthy
A: hooves 1, demonic guardian 1
a: no special abilities


You were on level 4 of the Dungeon.
You were hungry.

You visited 1 branch of the dungeon, and saw 4 of its levels.

You collected 65 gold pieces.

Inventory:

Hand Weapons
 a - a +1 flail (weapon)
Missiles
 d - 3 throwing nets (quivered)
Armour
 b - a +0 leather armour
 c - a +0 helmet (worn)
 i - a +0 ring mail (worn)
Scrolls
 g - a scroll of identify
Potions
 f - a potion of might {unknown}
 h - a potion of brilliance {unknown}
Comestibles
 e - 2 bread rations


   Skills:
 + Level 2.6 Fighting
 + Level 3.1 Maces & Flails
 + Level 2.4 Throwing
 + Level 3.2 Dodging


You had 2 spell levels left.
You didn't know any spells.

Dungeon Overview and Level Annotations

Branches:
Dungeon (4/15)
 Temple: D:4-7

Altars:

Annotations:
D:4 Natasha


Innate Abilities, Weirdness & Mutations

You have large cloven feet.
A weak demonic guardian rushes to your aid.


Message History

The shadow imp closely misses you.
An orc comes into view. It is wielding a club.
You barely miss Natasha. Your kick misses Natasha.
Natasha is moderately wounded.
The adder closely misses you.
Your iron imp misses the adder.
Natasha claws you.
* * * LOW HITPOINT WARNING * * *
The shadow imp barely misses you. The adder closely misses you.
Your iron imp closely misses the adder.
Natasha claws you.
* * * LOW HITPOINT WARNING * * *
You take 9 damage, and have 3/28 hp.
MASSIVE DAMAGE!!
You closely miss Natasha. You kick Natasha, but do no damage.
Natasha is moderately wounded.
The adder barely misses you.
The crimson imp blinks!
The shadow imp closely misses you. The adder bites you but does no damage.
Natasha growls.
Natasha claws you.
* * * LOW HITPOINT WARNING * * *
Your iron imp hits the adder.
The shadow imp hits you.
You die...

..........
..<.......#
#.........#
#.......>.#
#..o......#
#.........#
#<.5......#
#..)S5....#
#..@5.....#
#...h.....#
#..ยง.5....#
#.........#
#.........#
#.........#
#.........#
#.........#


You could see Natasha, a crimson imp, an adder, a shadow imp, an orc, a friendly
iron imp and a friendly ufetubus.

Vanquished Creatures
  3 adders
  2 oozes (D:2)
  3 giant geckos
  2 bats (D:1)
  A hobgoblin (D:1)
  5 kobolds
  2 giant cockroaches (D:1)
  5 giant newts
  6 goblins
  2 rats
31 creatures vanquished.

Vanquished Creatures (collateral kills)
  An orc (D:4)
  A hobgoblin (D:2)
2 creatures vanquished.

Grand Total: 33 creatures vanquished

Notes
Turn   | Place    | Note
--------------------------------------------------------------
     0 | D:1      | Goblin1989 the Demonspawn Gladiator began the quest for the Orb.
     0 | D:1      | Reached XP level 1. HP: 16/16 MP: 1/1
   193 | D:1      | Gained mutation: A weak demonic guardian rushes to your aid. [demonic ancestry]
   193 | D:1      | Reached XP level 2. HP: 22/22 MP: 2/2
   372 | D:2      | Reached skill level 3 in Maces & Flails
   400 | D:2      | Gained mutation: You have large cloven feet. [demonic ancestry]
   400 | D:2      | Reached XP level 3. HP: 3/28 MP: 3/3
   413 | D:2      | HP: 1/28 [poisoned by an adder]
   419 | D:2      | HP: 1/28 [poisoned by an adder]
   956 | D:4      | Noticed Natasha
   968 | D:4      | HP: 1/28 [Natasha (2)]
   968 | D:4      | Slain by a shadow imp

Action                   || total
-------------------------++-------
Melee: Flail             ||   103
  Use: Scroll            ||     2
       Potion            ||     2
